 Dungeon Crawl Stone Soup version 0.31.0-9-g3a7656b989 (webtiles) character file.

Game seed: 3423419922479844390

86 qw the Shooter (level 4, 0/22 HPs)
             Began as a Spriggan Hunter on Feb 2, 2024.
             Slain by a kobold
             ... wielding a +0 club
              (4 damage)
             ... on level 3 of the Dungeon.
             The game lasted 00:00:06 (1438 turns).

qw the Shooter (Spriggan Hunter)                    Turns: 1438, Time: 00:00:06

Health: 0/22       AC:  2    Str:  7    XL:     4   Next: 27%
Magic:  5/5        EV: 20    Int: 10    God:
Gold:   90         SH:  0    Dex: 20    Spells: 3/3 levels left

rFire   . . .        a - +0 shortbow
rCold   . . .        (shield currently unavailable)
rNeg    . . .        c - +0 robe
rPois   .            (helmet restricted)
rElec   .            (no cloak)
rCorr   .            (gloves unavailable)
SInv    +            (boots unavailable)
Will    .....        (no amulet)
Stlth   ++           (no ring)
HPRegen 0.23/turn    (no ring)
MPRegen 0.09/turn

%: no passive effects
@: lethally poisoned (0 -> -10), very quick
A: very small, no large weapons, unfitting armour, see invisible, speed 3
a: no special abilities


You were on level 3 of the Dungeon.
You visited 1 branch of the dungeon, and saw 3 of its levels.

You collected 90 gold pieces.


Innate Abilities, Weirdness & Mutations

You are very small and have problems with some larger weapons.
You are too small for most types of armour.
You have supernaturally acute eyesight. (SInv)
You cover ground extremely quickly. (Speed+++)


   Skills:
 - Level 1.5 Fighting
 - Level 5.0 Ranged Weapons
 + Level 4.7 Dodging
 - Level 1.5 Stealth


You had 3 spell levels left.
You didn't know any spells.
Your spell library was empty.

Inventory:

Hand Weapons
 a - a +0 shortbow (weapon)
Armour
 c - a +0 robe (worn)
Jewellery
 f - a +5 ring of evasion
Wands
 b - a wand of roots (9)
Potions
 d - a potion of heal wounds
 e - a potion of curing

Dungeon Overview and Level Annotations

Branches:
Dungeon (3/15)

Altars:

Shops:
D:1 ?   D:2 :

Annotations:
D:3 Grinder


Message History

The adder closely misses you.
You shoot an arrow. The arrow hits the adder.
The adder is heavily wounded.
You feel sick. The scorpion misses you. The adder closely misses you.
The scorpion misses you.
You shoot an arrow. The arrow hits the adder!
You kill the adder!
You feel sick.
The scorpion stings you but does no damage.
You shoot an arrow.
The arrow hits the scorpion but does no damage.
You feel sick. The kobold hits you with a +0 club.
The scorpion barely misses you. The kobold hits you but does no damage.
1432 ||| DRINKING 2 potions of heal wounds.
You feel much better.
You feel sick. The scorpion stings you. The scorpion closely misses you.
The kobold barely misses you.
You shoot an arrow. The arrow hits the scorpion.
The scorpion is moderately wounded.
You feel sick. The scorpion misses you. The kobold closely misses you.
You shoot an arrow. The arrow barely misses the scorpion.
You feel sick.
You are no longer poisoned.
The scorpion stings you. The kobold closely misses you.
You shoot an arrow. The arrow hits the scorpion.
The scorpion is moderately wounded.
The scorpion completely misses you. The kobold misses you.
The scorpion completely misses you.
You shoot an arrow. The arrow closely misses the scorpion.
The scorpion barely misses you. The kobold hits you with a +0 club.
You shoot an arrow. The arrow hits the scorpion!
The scorpion is almost dead.
The scorpion closely misses you. The kobold misses you.
The scorpion stings you.
You are lethally poisoned!
The scorpion poisons you!
You shoot an arrow. The arrow hits the scorpion.
You kill the scorpion!
You feel very sick. The kobold hits you with a +0 club.
You die...

#..#...#.##
##..#...#..#.
........... ..
#.......# ...
#...o...# # ....
..5.. .# ....#
##.## ..#
.....###..K###...#
..........5K@....#
..........J.#....#
........#####...>#
........#........+
.............#####
..........<......#
..[.####.........#
.... #.........#
... #.........#


You could see Grinder, an endoplasm and 2 kobolds.

Vanquished Creatures
  A scorpion (D:3)
  A gnoll (D:1)
  2 adders
  A ribbon worm (D:2)
  A dart slug (D:2)
  4 bats
  6 endoplasms
  A giant cockroach (D:1)
  5 hobgoblins
  4 jackals (D:2)
  6 quokkas
  2 ball pythons (D:2)
  3 frilled lizards (D:2)
  4 goblins (D:2)
  6 kobolds
  6 rats
53 creatures vanquished.

Notes
Turn   | Place    | Note
-------+----------+-------------------------------------------
     0 | D:1      | qw the Spriggan Hunter began the quest for the Orb.
     0 | D:1      | Reached XP level 1. HP: 10/10 MP: 2/2
     0 | D:1      | 0 ||| qw: Version: 0.3-a-155-g5e7d8dd
     0 | D:1      | 0 ||| qw: Game counter: 2610
     0 | D:1      | 0 ||| qw: Melee chars always use a shield: true
     0 | D:1      | 0 ||| qw: God list: Okawaru
     0 | D:1      | 0 ||| qw: Allow faded altars: false
     0 | D:1      | 0 ||| qw: Do Orc after clearing Dungeon:15 true
     0 | D:1      | 0 ||| qw: Do second Lair branch before Depths: true
     0 | D:1      | 0 ||| qw: Lair rune preference: random
     0 | D:1      | 0 ||| qw: Goals: Normal
     0 | D:1      | 0 ||| PLANNING D:1-11
    34 | D:1      | Reached skill level 3 in Dodging
   138 | D:1      | Reached XP level 2. HP: 14/14 MP: 3/3
   166 | D:1      | Found Ihucaame's Magic Scroll Emporium.
   188 | D:1      | 188 ||| SHOPLISTING scroll of enchant armour (97 gold, have
                  | 24).
   188 | D:1      | 188 ||| SHOPLISTING scroll of teleportation (39 gold, have
                  | 24).
   288 | D:1      | Found a faded altar of an unknown god.
   288 | D:1      | Noticed a hellwing
   357 | D:1      | Reached XP level 3. HP: 18/18 MP: 4/4
   463 | D:1      | 463 ||| READING scroll labelled YHICVO UVVOLAILAUM.
   464 | D:1      | 464 ||| DRINKING 2 fuming white potions.
   465 | D:1      | 465 ||| DROPPING scroll of butterflies.
   959 | D:2      | Reached skill level 5 in Ranged Weapons
  1078 | D:2      | Reached XP level 4. HP: 22/22 MP: 5/5
  1295 | D:2      | Found Linagh's Book Shoppe.
  1356 | D:2      | 1356 ||| READING scroll labelled TAOFER UXIUGRO.
  1356 | D:2      | 1356 ||| IDENTIFYING 3 bubbling ruby potions
  1404 | D:3      | 1404 ||| PLANNING SEWER
  1418 | D:3      | Noticed a scorpion
  1418 | D:3      | 1418 ||| RETREEEEATING.
  1418 | D:3      | Noticed Grinder
  1419 | D:3      | 1419 ||| RETREEEEATING.
  1420 | D:3      | 1420 ||| RETREEEEATING.
  1421 | D:3      | 1421 ||| RETREEEEATING.
  1426 | D:3      | HP: 4/22 [poisoned by an adder]
  1426 | D:3      | HP: 1/22 [adder (3)]
  1427 | D:3      | 1427 ||| DRINKING 3 potions of heal wounds.
  1431 | D:3      | HP: 5/22 [kobold/+0 club (4)]
  1432 | D:3      | 1432 ||| DRINKING 2 potions of heal wounds.
  1438 | D:3      | Killed a scorpion
  1438 | D:3      | HP: 4/22 [poisoned by a scorpion]
  1438 | D:3      | Slain by a kobold

Levels and vault maps discovered:
D:1:      psy_arrival_fountain, layout_rooms,
          dreamdust_ecumenical_altar_sealed_demon, serial_shops,
          nicolae_shop_stone
D:2:      wad_river_or_something, layout_loops_ring, serial_shops,
          nicolae_shop_tiny_real_fake_doors, minmay_misc_feat_nine_boxes
D:3:      layout_basic, lemuel_crystal_altar, cheibrodos_sewer_entry_sluice,
          minmay_three_crescents, uniq_ijyb, uniq_grinder

Skill      XL: |  1  2  3 |
---------------+----------+-----
Dodging        | 3 4 |  4.7
Ranged Weapons | 5 |  5.0
Fighting       | |  1.5
Stealth        | |  1.5

Action                     |  1- 3 |  4- 6 || total
---------------------------+-------+-------++-------
   Fire: Shortbow          |   122 |    21 ||   143
    Use: Potion            |     1 |     2 ||     3
         Scroll            |     1 |     1 ||     2
 Armour: Robe              |     9 |    16 ||    25
  Dodge: Dodged            |    34 |    28 ||    62

Table legend:
 A = Non-vault XP
 B = Vault XP
 C = Vault XP percentage of total XP
 D = Non-vault monster count
 E = Vault monster count
 F = Vault count percentage of total count
                 A         B        C        D         E       F
            +---------+---------+-------+---------+---------+-------
      Total |     177 |      30 |  14.5 |      42 |      11 |  20.8
            +---------+---------+-------+---------+---------+-------
        D:1 |      45 |       0 |   0.0 |      18 |       0 |   0.0
        D:2 |      47 |      16 |  25.4 |      22 |       9 |  29.0
        D:3 |      85 |      14 |  14.1 |       2 |       2 |  50.0
            +---------+---------+-------+---------+---------+-------
